 Dungeon Crawl Stone Soup version 0.23-a0-147-g7935be9 (webtiles) character file.

117651 Circumstance the Warrior (level 16, -1/155 HPs)
             Began as a Hill Orc Chaos Knight on Sept 5, 2018.
             Was a High Priest of Lugonu.
             Killed from afar by a spriggan druid (20 damage)
             ... with a stone arrow
             ... on level 2 of the Swamp on Sept 6, 2018.
             The game lasted 02:43:59 (41540 turns).

Circumstance the Warrior (Hill Orc Chaos Knight)   Turns: 41540, Time: 02:44:03

Health: -1/155     AC: 23    Str: 22      XL:     16   Next: 74%
Magic:  28/28      EV: 12    Int: 14      God:    Lugonu [*****.]
Gold:   881        SH:  0    Dex: 11 (12) Spells: 15/15 levels left

rFire    + . .     SeeInvis .   E - +3 battleaxe (distort)
rCold    + + .     Gourm    .   (shield currently unavailable)
rNeg     + + .     Faith    .   o - +2 chain mail {rC+}
rPois    +         Spirit   .   n - -2 hat of the Alchemist {rElec rPois rF+ rC+ rN+ MR+ rMut rCorr}
rElec    +         Reflect  .   R - +0 cloak
rCorr    +         Harm     .   k - +1 pair of gloves
rMut     +                      Z - +0 pair of boots
MR       ++...                  B - amulet of regeneration
Stlth    ..........             x - ring of stealth
HPRegen  0.75/turn              F - ring of positive energy
MPRegen  0.21/turn

@: no status effects
A: thin metallic scales 1, agile 1, clever 1, deterioration 1, screaming 1,
shaggy fur 1, subdued magic 1
a: Depart the Abyss, Bend Space, Banish, Corrupt, Enter the Abyss, Renounce
Religion


You were on level 2 of the Swamp.
You worshipped Lugonu.
Lugonu was extremely pleased with you.
You were hungry.

You visited 6 branches of the dungeon, and saw 28 of its levels.
You visited the Abyss 2 times.

You collected 2809 gold pieces.
You spent 1928 gold pieces at shops.

Inventory:

Hand Weapons
 f - a +5 hand crossbow of flaming
 i - a +3 hand axe of venom
 q - a +0 great sword of flaming
 E - a +3 battleaxe of distortion (weapon)
 V - the +7 hand axe of the Mind {freeze, rC++ Str+4}
   (You took it off an efreet on level 13 of the Dungeon)

   It has been specially enchanted to freeze those struck by it, causing extra
   injury to most foes and up to half again as much damage against particularly
   susceptible opponents.
   It can also slow down cold-blooded creatures.
   It affects your strength (+4).
   It greatly protects you from cold.
Missiles
 a - 3 javelins (quivered)
 c - 414 stones
 J - 37 tomahawks
 N - 12 poisoned tomahawks
Armour
 k - a +1 pair of gloves (worn)
 n - the -2 hat of the Alchemist (worn) {rElec rPois rF+ rC+ rN+ MR+ rMut rCorr}
   (You bought it in a shop on level 2 of the Orcish Mines)

   It protects you from fire.
   It protects you from cold.
   It insulates you from electricity.
   It protects you from poison.
   It protects you from negative energy.
   It affects your resistance to hostile enchantments.
   It provides partial protection from all sources of acid and corrosion.
   It protects you from mutation.
 o - a +2 chain mail of cold resistance (worn)
 Q - a +0 shield of fire resistance
 R - a +0 cloak (worn)
 Z - a +0 pair of boots (worn)
Jewellery
 e - an uncursed ring of fire
 h - a +3 amulet of reflection
 x - a ring of stealth (left hand)
 B - an amulet of regeneration (around neck)
 F - a ring of positive energy (right hand)
 K - an uncursed amulet of guardian spirit
Wands
 p - a wand of flame (31)
 s - a wand of polymorph (33)
 w - a wand of paralysis (14)
 C - a wand of random effects (99)
 D - a wand of acid (12)
 L - a wand of enslavement (12)
 M - a wand of iceblast (6)
 P - a wand of digging (12)
Scrolls
 l - 2 scrolls of immolation
 m - a scroll of enchant weapon
 t - 6 scrolls of remove curse
 v - a scroll of enchant armour
 y - 8 scrolls of teleportation
 z - 9 scrolls of amnesia
 A - 3 scrolls of magic mapping
 G - a scroll of summoning
 H - 4 scrolls of fog
Potions
 d - 4 potions of agility {unknown}
 g - 3 potions of lignification
 j - 4 potions of flight
 r - a potion of magic
 I - 10 potions of haste
 O - 3 potions of resistance {unknown}
 T - 2 potions of brilliance {unknown}
 X - a potion of ambrosia
Miscellaneous
 W - a phial of floods
Comestibles
 b - 26 rations


   Skills:
 * Level 17.4 Fighting
 * Level 14.2 Axes
   Level 1.2(8.0) Maces & Flails
 * Level 16.7 Armour
 + Level 8.2 Dodging
 - Level 3.2 Unarmed Combat
 * Level 16.6 Invocations


You had 15 spell levels left.
You didn't know any spells.
Your spell library contained the following spells:

 Spells                   Type           Power        Failure   Level  Hunger
 Apportation              Tloc           #.....       73%         1    ##.....
 Freeze                   Ice            #...         73%         1    ##.....
 Infusion                 Chrm           #...         73%         1    ##.....
 Summon Small Mammal      Summ           #...         73%         1    ##.....
 Blink                    Tloc           N/A          86%         2    ###....
 Call Imp                 Summ           #.......     86%         2    ###....
 Corpse Rot               Necr           N/A          86%         2    ###....
 Shroud of Golubria       Chrm/Tloc      #.........   86%         2    ###....
 Song of Slaying          Chrm           #.......     86%         2    ###....
 Sublimation of Blood     Necr           #.........   86%         2    ###....
 Throw Frost              Conj/Ice       #.....       86%         2    ###....
 Call Canine Familiar     Summ           #.......     98%         3    ####...
 Gell's Gravitas          Tloc           #.........   98%         3    ####...
 Ignite Poison            Fire/Tmut/Pois #.......     98%         3    ####...
 Lesser Beckoning         Tloc           #.........   98%         3    ####...
 Ozocubu's Armour         Chrm/Ice       #.......     98%         3    ####...
 Regeneration             Chrm/Necr      #.........   98%         3    ####...
 Spectral Weapon          Hex/Chrm       #.......     98%         3    ####...
 Summon Guardian Golem    Hex/Summ       #.......     98%         3    ####...
 Teleport Other           Tloc           #.......     98%         3    ####...
 Passage of Golubria      Tloc           N/A          100%        4    #####..
 Summon Ice Beast         Ice/Summ       #.......     100%        4    #####..
 Summon Lightning Spire   Summ/Air       #.......     100%        4    #####..
 Throw Icicle             Conj/Ice       #.......     100%        4    #####..
 Agony                    Necr           #.......     100%        5    ######.
 Bolt of Draining         Conj/Necr      #.........   100%        5    ######.
 Dispel Undead            Necr           #.......     100%        5    ######.
 Excruciating Wounds      Chrm/Necr      #.........   100%        5    ######.
 Summon Forest            Summ/Tloc      #.........   100%        5    ######.


Dungeon Overview and Level Annotations

Branches:
Dungeon (15/15)            Temple (1/1) D:6            Lair (6/6) D:10
  Swamp (3/4) Lair:4       Spider (1/4) Lair:2        Slime (0/5) Lair:5
    Orc (2/2) D:9             Elf (0/3) Orc:2        Vaults (0/5) D:13
 Depths (0/5) D:15

Altars:
Ashenzari
Cheibriados
Dithmenos
Elyvilon
Fedhas
Hepliaklqana
Kikubaaqudgha
Makhleb
Nemelex Xobeh
Okawaru
Qazlal
Ru
Sif Muna
Trog
Uskayaw
Wu Jian
Xom
Yredelemnul
Zin
The Shining One
Beogh
Jiyva
Lugonu

Shops:
D:8 [   D:12 ?   Orc:1 }   Orc:2 [[:(

Portals:
Trove: D:11 (give 7 potions of agility)

Annotations:
D:4 1 runed door, aubilenon's ghost, amateur GrFi
D:9 1 runed door, CanOfBees's ghost, journeyman HOFi
D:10 4 runed doors
D:15 exclusion: Roxanne, Roxanne
Lair:1 exclusion: oklob plant
Lair:5 1 runed door
Swamp:2 Kirke
Orc:1 2 transporters, princeOfDonkeys's ghost, journeyman FoVM
Abyss:1 Sonja


Innate Abilities, Weirdness & Mutations

You are partially covered in thin metallic scales. (AC +2)
You are agile. (Dex +2)
Your mind is acute. (Int +2)
Your body sometimes deteriorates upon taking damage.
You occasionally shout uncontrollably at your foes.
You are covered in fur. (AC +1)
Your spells are a little easier to cast, but a little less powerful.


Message History

You throw a javelin. The javelin hits the spriggan druid!
The spriggan druid is almost dead.
You hear a splash.
A tree reaches out and hits you!
Throwing (i - inventory. (/) - cycle)
a - 4 javelins (quivered)
Press: ? - help, Shift-Dir - straight line, f/p - spriggan druid
Aim: a spriggan druid, wielding a quarterstaff and wearing a robe (almost dead)
You throw a javelin. The javelin hits the spriggan druid.
The spriggan druid is almost dead.
You are hit by a branch!
* * * LOW HITPOINT WARNING * * *
You are hit by a branch!
* * * LOW HITPOINT WARNING * * *
The spriggan druid casts a spell at you.
The stone arrow hits you!
* * * LOW HITPOINT WARNING * * *
Your body deteriorates!
You feel clumsy.
The spriggan druid points at you and mumbles some strange words.
The stone arrow hits you!
You die...

♣♣≈♣♣♣..♣≈....≈♣
♣♣...♣.≈≈.≈♣.≈..♣
♣≈≈≈≈..≈.h..≈≈≈≈♣
..≈≈≈.♣..♣.≈≈≈≈≈♣
.≈≈≈.♣♣§≈♣..(≈♣♣♣
.≈≈≈.≈♣♣♣♣♣≈.(♣♣♣
.≈≈≈.≈♣♣ ♣♣[..i♣♣
♣♣.)...♣ ♣♣♣≈≈.♣
♣♣...♣♣♣ ♣♣≈@♣
♣♣..≈♣♣ ♣♣♣♣
.≈..§.♣ ......♣♣♣
≈♣......♣♣
..≈♣≈...≈♣
.≈..♣≈≈≈≈♣
....♣≈≈.♣♣
♣≈♣♣♣≈..♣ ♣♣♣♣


You could see a spriggan druid and a hog.

Vanquished Creatures
  Rupert (Lair:4)
  A fire giant (D:13)
  Nessos (Lair:4)
  Azrael (D:12)
  A spark wasp (shapeshifter) (D:15)
  Snorg (Orc:1)
  An ettin (D:13)
  A rakshasa (D:15)
  5 vault guards (D:13)
  3 hydras
  Erica (Orc:1)
  3 centaur warriors
  An ogre mage (D:15)
  2 alligators
  3 death yaks (Lair:4)
  3 orc high priests
  4 two-headed ogres
  A shock serpent (shapeshifter) (D:15)
  2 unseen horrors
  A spriggan druid (Swamp:2)
  2 lindwurms (Lair:6)
  4 orc knights
  3 orc sorcerers
  5 wolf spiders
  3 ugly things
  A shining eye (shapeshifter) (D:15)
  4 orb spiders
  A manticore (D:14)
  Maurice (D:11)
  8 elephants
  2 cyclopes
  A guardian serpent (Lair:6)
  5 black mambas (Lair:6)
  2 torpor snails (Lair:6)
  2 gargoyles
  19 spiny frogs
  11 komodo dragons
  A smoke demon (Abyss:1)
  An efreet (D:13)
  2 rime drakes
  A demonic crawler (Spider:1)
  2 tengu conjurers (D:10)
  13 trolls
  A troll (shapeshifter) (D:15)
  3 polar bears
  A queen bee (shapeshifter) (D:13)
  3 meliai (D:14)
  A tyrant leech (Lair:6)
  14 hornets
  2 jumping spiders
  6 bog bodies
  9 hippogriffs
  46 blink frogs
  15 slime creatures
  A meliai zombie (D:10)
  18 redbacks
  4 tarantellas
  A shadow (Swamp:2)
  A spriggan (D:7)
  A wraith (D:13)
  10 wyverns
  A ynoxinul (Abyss:1)
  3 hungry ghosts
  30 yaks
  2 basilisks
  3 fire elementals (D:13)
  2 hogs (Swamp:2)
  10 vampire mosquitoes
  3 wargs
  7 swamp worms
  10 insubstantial wisps
  A porcupine (shapeshifter) (D:14)
  7 porcupines
  24 water moccasins
  3 swamp drakes
  26 orc warriors
  A phantom (D:10)
  3 black bears
  3 ice beasts
  A necrophage (D:5)
  3 sky beasts
  A wolf (shapeshifter) (D:15)
  5 boggarts (D:15)
  11 ogres
  7 wolves (Lair:1)
  13 centaurs
  9 crocodiles
  5 big kobolds
  21 bullfrogs
  A gnoll sergeant (D:11)
  4 scorpions
  A wyvern skeleton (D:12)
  A water moccasin skeleton (D:6)
  15 killer bees
  10 wights
  An electric eel (Lair:4)
  2 howler monkeys (D:14)
  5 centaur zombies
  12 crimson imps
  A quasit (D:7)
  4 bullfrog zombies
  8 hounds
  7 jellies
  3 centaur skeletons
  19 orc priests
  3 bullfrog skeletons
  3 iguanas
  25 orc wizards
  8 worker ants
  A hound zombie (D:6)
  2 hound skeletons
  3 gnolls (D:11)
  18 adders
  4 shadow imps
  2 adder zombies
  An ooze (D:1)
  3 adder skeletons
  3 worms
  6 leopard geckos
  86 orcs
  3 ball pythons
  3 giant cockroaches
  8 goblins
  3 hobgoblins
  8 jackals
  8 quokkas
  9 bats
  A frilled lizard (D:1)
  A jackal skeleton (D:2)
  A jackal zombie (D:6)
  32 kobolds
  A leopard gecko skeleton (D:4)
  2 quokka skeletons
  9 rats
  3 fungi
  5 plants
842 creatures vanquished.

Vanquished Creatures (collateral kills)
  An orb spider (Spider:1)
  A jumping spider (Spider:1)
  2 redbacks (Spider:1)
4 creatures vanquished.

Vanquished Creatures (others)
  An emperor scorpion (Lair:2)
  A vault guard (D:13)
  3 alligators (Swamp:2)
  An orb spider (Spider:1)
  A wolf spider (Spider:1)
  5 elephants
  A centaur skeleton (D:13)
  2 spiny frogs (Lair:6)
  2 torpor snails (Lair:6)
  A tyrant leech (Lair:6)
  2 jumping spiders (Spider:1)
  4 slime creatures
  A blink frog (Lair:6)
  3 redbacks (Spider:1)
  A yak (Lair:6)
  2 tarantellas (Spider:1)
  A fire elemental (D:12)
  A vampire (D:15)
  A hungry ghost (D:13)
  A hog (Swamp:1)
  2 swamp worms (Swamp:1)
  A water moccasin (Lair:2)
  2 hell hounds (D:12)
  A sky beast (D:13)
  5 orc warriors
  An ogre (Orc:2)
  A centaur (D:15)
  A crimson imp (D:15)
  A jelly (D:13)
  4 orc wizards
  3 orcs
  2 bushes (Lair:6)
  24 fungi
  65 plants
148 creatures vanquished.

Grand Total: 994 creatures vanquished

Notes
Turn   | Place    | Note
-------+----------+-------------------------------------------
     0 | D:1      | Circumstance the Hill Orc Chaos Knight began the quest for
                  | the Orb.
     0 | D:1      | Reached XP level 1. HP: 19/19 MP: 1/1
    44 | D:1      | XOM: smoke on damage
    78 | D:1      | XOM: potion effect (brilliance)
    84 | D:1      | Reached skill level 4 in Fighting
   119 | D:1      | Reached XP level 2. HP: 22/27 MP: 2/2
   126 | D:1      | XOM: silly message
   174 | D:1      | HP: 1/27 [leopard gecko (1)]
   236 | D:1      | XOM: harmless Pois miscast
   244 | D:1      | HP: 1/27 [leopard gecko (1)]
   264 | D:1      | XOM: harmless Air miscast
   294 | D:1      | Reached skill level 1 in Dodging
   311 | D:1      | Reached skill level 1 in Maces & Flails
   311 | D:1      | Reached XP level 3. HP: 6/34 MP: 3/3
   841 | D:2      | Found a basalt altar of Yredelemnul.
  1017 | D:2      | XOM: potion effect (might)
  1022 | D:2      | Reached XP level 4. HP: 19/41 MP: 4/4
  1036 | D:2      | XOM: harmless Necr miscast
  1174 | D:2      | Found a white marble altar of Elyvilon.
  1186 | D:2      | XOM: divination: detect items
  1438 | D:3      | Reached skill level 5 in Fighting
  1652 | D:3      | XOM is BORED!
  1652 | D:3      | XOM: silly message
  1656 | D:3      | Noticed a centaur
  1667 | D:3      | Killed a centaur
  1667 | D:3      | Reached XP level 5. HP: 30/50 MP: 5/5
  1755 | D:3      | Found a sparkling altar of Nemelex Xobeh.
  1943 | D:3      | XOM: harmless Air miscast
  1994 | D:3      | Found a snail-covered altar of Cheibriados.
  2003 | D:3      | Found a shattered altar of Ashenzari.
  2109 | D:4      | Reached skill level 6 in Fighting
  2109 | D:4      | Reached XP level 6. HP: 57/57 MP: 6/6
  2354 | D:4      | Found a shimmering altar of Xom.
  2370 | D:4      | XOM: harmless Hex miscast
  2402 | D:4      | Reached skill level 5 in Armour
  2439 | D:4      | XOM: smoke on damage
  2569 | D:4      | XOM: potion effect (heal wounds)
  2586 | D:4      | XOM: cast spell 'Call Canine Familiar'
  2593 | D:4      | Reached XP level 7. HP: 52/64 MP: 7/7
  2595 | D:4      | Reached skill level 7 in Fighting
  2847 | D:4      | Found an ornate altar of the Wu Jian Council.
  2854 | D:4      | Found a deep blue altar of Sif Muna.
  2859 | D:4      | Found a burning altar of Makhleb.
  2866 | D:4      | Found a shadowy altar of Dithmenos.
  2871 | D:4      | Found a hazy altar of Hepliaklqana.
  2878 | D:4      | Found a glowing silver altar of Zin.
  2883 | D:4      | Found an ancient bone altar of Kikubaaqudgha.
  2927 | D:4      | Found a runed door.
  2931 | D:4      | Noticed aubilenon's ghost (amateur GrFi)
  3110 | D:4      | XOM: silly message
  3137 | D:5      | Entered Level 5 of the Dungeon
  3314 | D:5      | XOM: give mutations
  3314 | D:5      | Gained mutation: You have an increased reservoir of magic.
                  | (+10% MP) [Xom's grace]
  3314 | D:5      | Gained mutation: Your spells are a little harder to cast,
                  | but a little more powerful. [Xom's grace]
  3314 | D:5      | Gained mutation: You have a pair of small horns on your
                  | head. [Xom's grace]
  3541 | D:5      | Found an iron altar of Okawaru.
  3542 | D:5      | Found a bloodstained altar of Trog.
  3571 | D:6      | Reached skill level 8 in Fighting
  3572 | D:6      | Reached XP level 8. HP: 40/72 MP: 8/8
  3641 | D:6      | Found a staircase to the Ecumenical Temple.
  3656 | Temple   | Entered the Ecumenical Temple
  3668 | Temple   | Fell from the grace of Xom
  3668 | Temple   | Became a worshipper of Lugonu the Unformed
  3668 | Temple   | Reached * piety under Lugonu
  4003 | D:6      | Reached skill level 9 in Fighting
  4499 | D:6      | XOM: mild Tloc miscast
  4635 | D:7      | Reached ** piety under Lugonu
  4694 | D:7      | Reached skill level 10 in Fighting
  4694 | D:7      | Reached XP level 9. HP: 80/83 MP: 9/9
  5247 | D:7      | Reached skill level 11 in Fighting
  5552 | D:7      | Reached skill level 10 in Armour
  5626 | D:8      | Reached *** piety under Lugonu
  5657 | D:8      | Found Siotunn's Antique Armour Shop.
  5675 | D:8      | XOM: give mutation
  5675 | D:8      | Lost mutation: You have a pair of small horns on your head.
                  | [Xom's mischief]
  5812 | D:8      | Reached skill level 1 in Invocations
  6100 | D:9      | Noticed a troll
  6110 | D:9      | Killed a troll
  6110 | D:9      | Reached XP level 10. HP: 64/97 MP: 11/13
  6195 | D:8      | XOM: harmless Conj miscast
  6283 | D:9      | Found a runed door.
  6284 | D:9      | Noticed CanOfBees's ghost (journeyman HOFi)
  6343 | D:9      | Found a viscous altar of Jiyva.
  6352 | D:9      | XOM: harmless Pois miscast
  6356 | D:9      | Reached **** piety under Lugonu
  6425 | D:9      | Reached skill level 12 in Fighting
  6450 | D:9      | Reached skill level 5 in Invocations
  6626 | D:9      | Found a roughly hewn altar of Beogh.
  6628 | D:9      | Found a staircase to the Orcish Mines.
  6727 | D:9      | XOM: enchant monster (bad)
  6998 | D:10     | Entered Level 10 of the Dungeon
  7258 | D:10     | Reached ***** piety under Lugonu
  7599 | D:10     | Reached XP level 11. HP: 25/106 MP: 17/17
  7827 | D:10     | Found a staircase to the Lair.
  8015 | D:10     | Found a huge runed gate.
  8015 | D:10     | Found a huge runed gate.
  8015 | D:10     | Found a huge runed gate.
  8015 | D:10     | Found a huge runed gate.
  8015 | D:10     | Noticed a manticore
  8015 | D:10     | Noticed a death yak
  8016 | D:10     | Noticed a manticore
  8016 | D:10     | Noticed a manticore
  8171 | D:10     | XOM: give mutations
  8171 | D:10     | Gained mutation: You are dopey. (Int -2) [Xom's mischief]
  8171 | D:10     | Gained mutation: Your flesh is heat resistant. (rF+) [Xom's
                  | mischief]
  8232 | D:11     | XOM: noise
  8255 | D:10     | Reached skill level 13 in Fighting
  9065 | D:11     | XOM: noise
  9069 | D:11     | Noticed Maurice
  9466 | D:11     | Killed Maurice
  9816 | D:11     | Found a portal to a secret trove of treasure.
 10144 | D:12     | XOM: noise
 10152 | D:12     | Paralysed by a hornet for 3 turns
 10201 | D:12     | Found Tothuj's Magic Scroll Boutique.
 10251 | D:12     | XOM: blink monster(s)
 10673 | D:12     | XOM: 1-stop teleportation journey
 11455 | D:12     | XOM: stat loss: -2 Dex (8/10)
 11530 | D:12     | XOM: medium Conj miscast
 11977 | Lair:1   | Entered Level 1 of the Lair of Beasts
 12022 | Lair:1   | Reached ****** piety under Lugonu
 12689 | D:9      | XOM: give mutations
 12689 | D:9      | Gained mutation: You occasionally shout uncontrollably at
                  | your foes. [Xom's mischief]
 12689 | D:9      | Lost mutation: Your flesh is heat resistant. (rF+) [Xom's
                  | mischief]
 12689 | D:9      | Gained mutation: You sometimes yell uncontrollably at your
                  | foes. [Xom's mischief]
 12707 | Orc:1    | Entered Level 1 of the Orcish Mines
 12918 | Orc:1    | Reached skill level 1 in Axes
 12918 | Orc:1    | Reached XP level 12. HP: 60/116 MP: 11/21
 13113 | D:9      | XOM: medium Summ miscast
 13173 | Orc:1    | Noticed Snorg
 13609 | Lair:1   | Reached skill level 10 in Invocations
 13655 | Lair:1   | Reached skill level 14 in Fighting
 13921 | Lair:1   | XOM: mild Fire miscast
 14392 | Lair:2   | Found a hole to the Spider Nest.
 15545 | Lair:2   | Reached skill level 5 in Axes
 15545 | Lair:2   | Reached skill level 5 in Dodging
 16397 | Lair:3   | XOM: enchant monster (bad)
 16526 | Lair:3   | Lost mutation: Your spells are a little harder to cast, but
                  | a little more powerful. [potion of mutation]
 16526 | Lair:3   | Lost mutation: You are dopey. (Int -2) [potion of mutation]
 16526 | Lair:3   | Lost mutation: You have an increased reservoir of magic.
                  | (+10% MP) [potion of mutation]
 16526 | Lair:3   | Lost mutation: You sometimes yell uncontrollably at your
                  | foes. [potion of mutation]
 16526 | Lair:3   | Gained mutation: You are covered in fur. (AC +1) [potion of
                  | mutation]
 16526 | Lair:3   | Gained mutation: You are agile. (Dex +2) [potion of
                  | mutation]
 16526 | Lair:3   | Gained mutation: Your mind is acute. (Int +2) [potion of
                  | mutation]
 16526 | Lair:3   | Gained mutation: You are partially covered in thin metallic
                  | scales. (AC +2) [potion of mutation]
 16646 | Lair:3   | XOM: summons 1 hostile demon
 16696 | Lair:4   | Noticed Rupert
 16762 | Lair:4   | Killed Rupert
 16894 | Lair:4   | XOM: stat loss: -2 Int (10/12)
 17061 | Lair:4   | Reached XP level 13. HP: 107/125 MP: 19/21
 17225 | Lair:4   | XOM: summons 1 hostile demon
 18881 | Lair:4   | Found a staircase to the Swamp.
 18883 | Lair:4   | Got a pair of heavily runed boots
 18907 | Lair:4   | Identified the cursed -3 pair of boots "Qusofet" {*Slow
                  | Regen+ Int+5 Stlth+} (You found it on level 4 of the Lair
                  | of Beasts)
 18986 | Lair:4   | Noticed Nessos
 19016 | Lair:4   | Killed Nessos
 19041 | Lair:4   | XOM: mild Tmut miscast
 19041 | Lair:4   | Was forgiven by Xom
 19585 | Lair:5   | Found a runed door.
 21523 | Lair:5   | Found a viscous altar of Jiyva.
 21598 | Lair:5   | Found a staircase to the Slime Pits.
 21614 | Lair:6   | Entered Level 6 of the Lair of Beasts
 21631 | Lair:6   | Paralysed by a hornet for 2 turns
 22838 | Lair:5   | Identified a +2 battleaxe of distortion (a +0 battleaxe
                  | corrupted by Lugonu)
 22838 | Lair:5   | Received a gift from Lugonu
 23141 | Lair:5   | Reached XP level 14. HP: 100/133 MP: 19/23
 23170 | Lair:5   | Reached skill level 15 in Fighting
 23821 | Lair:5   | Reached skill level 10 in Axes
 24903 | Lair:6   | Noticed Sonja
 25528 | Lair:6   | Reached skill level 15 in Armour
 25533 | Lair:6   | Found a runed door.
 26421 | Lair:6   | Banished Sonja
 28088 | D:13     | Noticed Azrael
 28450 | D:12     | Found Tothuj's Magic Scroll Boutique.
 29174 | D:13     | Reached XP level 15. HP: 119/143 MP: 22/25
 29577 | D:12     | Killed Azrael
 29847 | D:13     | Reached skill level 16 in Fighting
 29960 | D:13     | Noticed a fire giant
 30626 | D:13     | Found a gate to the Vaults.
 30760 | D:13     | Got a transparent shortbow
 30765 | D:12     | Identified the +4 shortbow of Dim Light {flame, Str+7} (You
                  | took it off a vault guard on level 13 of the Dungeon)
 31151 | D:13     | Killed a fire giant
 31151 | D:13     | Reached skill level 15 in Invocations
 31394 | D:13     | Identified the Papyrus of the Igneous Compass
 31613 | D:13     | Got a dazzling hand axe {freeze}
 31614 | D:13     | Identified the +7 hand axe of the Mind {freeze, rC++ Str+4}
                  | (You took it off an efreet on level 13 of the Dungeon)
 32148 | D:14     | You fall through a shaft!
 32148 | D:15     | Entered Level 15 of the Dungeon
 32149 | D:15     | Noticed Roxanne
 33022 | Orc:1    | Killed Snorg
 33160 | Orc:1    | Noticed Erica
 33597 | Orc:1    | Killed Erica
 33705 | Orc:1    | Found a transporter.
 33724 | Orc:1    | Noticed princeOfDonkeys's ghost (journeyman FoVM)
 33733 | Orc:1    | Found a transporter.
 33929 | Orc:1    | Found Jyenwesasm's Gadget Shoppe.
 33951 | Orc:2    | Entered Level 2 of the Orcish Mines
 34019 | Orc:2    | Found a roughly hewn altar of Beogh.
 34023 | Orc:2    | Found a staircase to the Elven Halls.
 34640 | Orc:2    | Paralysed by an orc sorcerer for 6 turns
 36008 | Orc:2    | Found Noanaps's Antique Armour Emporium.
 36008 | Orc:2    | Found Ixkekkat's Antique Armour Boutique.
 36010 | Orc:2    | Found Zangapur's Book Boutique.
 36010 | Orc:2    | Found Pirut's Antique Weapon Emporium.
 36021 | Orc:2    | Bought the -2 hat of the Alchemist {rElec rPois rF+ rC+ rN+
                  | MR+ rMut rCorr} for 1510 gold pieces
 36021 | Orc:2    | Found the -2 hat of the Alchemist {rElec rPois rF+ rC+ rN+
                  | MR+ rMut rCorr}
 36039 | Orc:2    | Bought a runed chain mail for 195 gold pieces
 36039 | Orc:2    | Bought a pair of runed gloves for 195 gold pieces
 36475 | D:12     | Bought a scroll of identify for 28 gold pieces
 36619 | D:15     | Reached XP level 16. HP: 126/153 MP: 27/27
 36884 | D:15     | Gained mutation: Your spells are a little easier to cast,
                  | but a little less powerful. [a shining eye]
 36890 | D:15     | Gained mutation: Your body sometimes deteriorates upon
                  | taking damage. [a shining eye]
 36914 | D:15     | Found a staircase to the Depths.
 37303 | D:15     | Reached skill level 17 in Fighting
 37583 | Spider:1 | Entered Level 1 of the Spider Nest
 38836 | Spider:1 | Escaped the Abyss
 39033 | Spider:1 | Escaped the Abyss
 39263 | Swamp:1  | Entered Level 1 of the Swamp
 39451 | Lair:4   | Upgraded the game from 0.23-a0-143-g1adec7b to
                  | 0.23-a0-147-g7935be9
 40907 | Swamp:2  | Noticed a tentacled monstrosity
 40907 | Swamp:2  | Noticed Kirke
 41042 | Swamp:3  | Noticed a thorn hunter
 41540 | Swamp:2  | Killed from afar by a spriggan druid

Vault maps used:
D:1:      minmay_arrival_doors, minmay_heptomino_d4
D:2:      kennysheep_ying_yang
D:3:      nemelex_altar_shiori, chequers_temple_overflow_statue_of_worship
D:4:      led_xom_imps, grunt_temple_overflow_octagram,
          ebering_ghost_inner_flame
D:5:      grunt_temple_overflow_bloody_war, first_ration
D:6:      temple_statues, serial_glass, glass_columns_a, glass_columns_b,
          glass_columns_c, glass_columns_b, glass_columns_c, glass_columns_a,
          glass_columns_a, glass_columns_b
D:7:      the_bakery, lemuel_flamethrower_1
D:8:      serial_shops, nicolae_shop_statue_plus
D:9:      david_orc_5, gammafunk_ghost_grave, corexii_leaking_fountain,
          minmay_fountain_box, jiyva_altar_1
D:10:     lemuel_bear_cage, lair_entry_dummy
D:11:     serial_glass, glass_columns_b, glass_columns_c, enter_trove_1,
          serial_park_tiny_2, uniq_maurice
D:12:     serial_shops, nicolae_shop_stone
D:13:     erik_vaults_2, minmay_checkered_concentric_circles, uniq_azrael
D:15:     gammafunk_enter_depths_forms, uniq_roxanne
Temple:   corrupted_temple
Lair:1:   minmay_lair_oklob_chamber, infiniplex_staircase_pool_2
Lair:2:   spider_nest_entry_webs
Lair:4:   nicolae_swamp_entry_splash_gauntlet, serial_bayou_pond_e, uniq_rupert,
          uniq_nessos
Lair:5:   slime_altar_2, pond
Lair:6:   hangedman_lair_tendril_chambers, wormcave,
          grunt_forest_small_clearing_treed, uniq_sonja
Swamp:1:  evilmike_swamp_ruin_rubble_1, infiniplex_staircase_pool
Swamp:2:  cheibrodos_swamp_monstrosity, evilmike_swamp_ruin_house_2,
          swamp_pool4, uniq_kirke
Swamp:3:  gammafunk_mikee_crab_dinner, evilmike_swamp_ruin_house_1
Orc:1:    gammafunk_ghost_smash, serial_shops, nicolae_shop_behind_doors,
          uniq_erica, uniq_snorg
Orc:2:    grunt_orc_tribal_feast, basic_altar

Skill      XL: |  1  2  3  4  5  6  7  8  9 10 11 12 13 14 15 16 |
---------------+-------------------------------------------------+-----
Fighting       | 4 5 6 8 10 11 12 13 14 15 16 17 | 17.4
Dodging        | 1 3 4 5 6 7 8 |  8.2
Maces & Flails | 1 |  1.2
Armour         | 3 4 5 6 8 10 11 12 13 14 15 16 | 16.7
Invocations    | 3 7 9 11 13 14 15 16 | 16.6
Axes           | 1 6 9 11 13 14 | 14.2
Unarmed Combat | |  3.2

Action                   |  1- 3 |  4- 6 |  7- 9 | 10-12 | 13-15 | 16-18 || total
-------------------------+-------+-------+-------+-------+-------+-------++-------
Melee: Mace              |    99 |       |       |       |       |       ||    99
       Unarmed           |    64 |       |       |       |       |       ||    64
       Punch             |     1 |       |     5 |    12 |     6 |       ||    24
       Dagger            |       |    29 |       |       |       |       ||    29
       Hand axe          |       |   134 |   369 |   827 |   456 |       ||  1786
       Great sword       |       |     6 |       |       |       |     4 ||    10
       Headbutt          |       |       |    43 |       |       |       ||    43
       Trident           |       |       |       |   129 |    26 |       ||   155
       Battleaxe         |       |       |       |       |  1073 |   435 ||  1508
Throw: Stone             |       |       |       |     3 |     6 |     3 ||    12
       Tomahawk          |       |       |       |    16 |     4 |       ||    20
       Javelin           |       |       |       |     2 |       |     5 ||     7
       Throwing net      |       |       |       |     1 |       |       ||     1
Invok: Bend Space        |       |       |       |     5 |     6 |     1 ||    12
       Banish            |       |       |       |     1 |     1 |     1 ||     3
       Brand Weapon With |       |       |       |       |     1 |       ||     1
       Depart the Abyss  |       |       |       |       |       |     2 ||     2
       Enter the Abyss   |       |       |       |       |       |     2 ||     2
Evoke: Wand              |       |       |     1 |     8 |    11 |     2 ||    22
  Use: Scroll            |     4 |       |    13 |    10 |    11 |    12 ||    50
       Potion            |       |       |     4 |     6 |     3 |     4 ||    17
  Eat: Chunk             |     1 |     5 |     9 |    29 |    54 |     9 ||   107
       Ration            |       |       |     1 |     2 |     7 |     3 ||    13
Armor: Leather armour    |    40 |       |       |       |       |       ||    40
       Plate armour      |   112 |   221 |   247 |   947 |  1141 |       ||  2668
       Ring mail         |       |     4 |    52 |       |       |       ||    56
       Chain mail        |       |       |       |       |    18 |   384 ||   402
Dodge: Dodged            |    79 |    58 |   173 |   557 |   851 |   346 ||  2064
       Rpst.: Great sword |       |     1 |       |       |       |     4 ||     5

Table legend:
 A = Non-vault XP
 B = Vault XP
 C = Vault XP percentage of total XP
 D = Non-vault monster count
 E = Vault monster count
 F = Vault count percentage of total count
                 A         B        C        D         E       F
            +---------+---------+-------+---------+---------+-------
      Total |  116592 |   51482 |  30.6 |     719 |     173 |  19.4
            +---------+---------+-------+---------+---------+-------
        D:1 |      40 |       9 |  18.4 |      23 |       4 |  14.8
        D:2 |      46 |       0 |   0.0 |      18 |       0 |   0.0
        D:3 |     199 |       0 |   0.0 |      20 |       0 |   0.0
        D:4 |     277 |     192 |  40.9 |      17 |       4 |  19.0
        D:5 |     300 |       3 |   1.0 |      10 |       1 |   9.1
        D:6 |     812 |       0 |   0.0 |      21 |       0 |   0.0
        D:7 |    1684 |     211 |  11.1 |      35 |       1 |   2.8
        D:8 |     875 |       0 |   0.0 |      24 |       0 |   0.0
        D:9 |    2205 |     716 |  24.5 |      31 |      26 |  45.6
       D:10 |    4507 |       0 |   0.0 |      38 |       0 |   0.0
       D:11 |    1454 |     496 |  25.4 |      23 |       1 |   4.2
       D:12 |    2977 |    1570 |  34.5 |      31 |       4 |  11.4
       D:13 |    6526 |   11937 |  64.7 |      28 |      18 |  39.1
       D:14 |    4043 |     575 |  12.5 |      24 |       1 |   4.0
       D:15 |   14321 |    4719 |  24.8 |      47 |      12 |  20.3
     Lair:1 |    6190 |       0 |   0.0 |      32 |       0 |   0.0
     Lair:2 |    5247 |     863 |  14.1 |      16 |       4 |  20.0
     Lair:3 |    2747 |       0 |   0.0 |      15 |       0 |   0.0
     Lair:4 |    7470 |    5190 |  41.0 |      20 |       8 |  28.6
     Lair:5 |   14358 |    2200 |  13.3 |      48 |      13 |  21.3
     Lair:6 |   10119 |   13542 |  57.2 |      35 |      45 |  56.2
    Swamp:1 |    2922 |     120 |   3.9 |      11 |       1 |   8.3
    Swamp:2 |   11760 |     381 |   3.1 |      38 |       2 |   5.0
   Spider:1 |    8636 |       0 |   0.0 |      32 |       0 |   0.0
      Orc:1 |    3011 |    5762 |  65.7 |      39 |       9 |  18.8
      Orc:2 |    3077 |    2996 |  49.3 |      40 |      19 |  32.2
    Abyss:1 |     789 |       0 |   0.0 |       3 |       0 |   0.0
            +---------+---------+-------+---------+---------+-------
